 Dungeon Crawl Stone Soup version 0.28-a0-1312-g71652a0310 (webtiles) character file.

Game seed: 465670377480868374

3377 bearlyready the Carver (level 9, -2/71 (82) HPs)
             Began as a Minotaur Cinder Acolyte on Dec 27, 2021.
             Was a High Priest of Ignis.
             Slain by a wight (5 damage)
             ... on level 7 of the Dungeon.
             The game lasted 00:08:19 (7229 turns).

bearlyready the Carver (Minotaur Cinder Acolyte)    Turns: 7229, Time: 00:08:19

HP:   -2/71 (82)    AC:  5    Str: 22    XL:     9   Next: 74%
MP:   9/9           EV: 11    Int: 17    God:    Ignis [*****.]
Gold: 271           SH:  0    Dex:  7    Spells: 10/10 levels left

rFire   + . .      SeeInvis +   a - +0 falchion (flame)
rCold   . . .      Faith    .   (no shield)
rNeg    . . .      Spirit   .   B - +1 leather armour of the Wasteland {Slay+2}
rPois   .          Reflect  .   (helmet restricted)
rElec   .          Harm     .   b - +0 cloak
rCorr   .          Rampage  .   (no gloves)
Will    .....                   (no boots)
Stlth   +.........              w - amulet of regeneration
HPRegen 1.01/turn               k - ring of see invisible
MPRegen 0.11/turn               H - +6 ring of intelligence

@: heavily drained
A: horns 2, retaliatory headbutt
a: Renounce Religion, Fiery Armour, Foxfire Swarm, Rising Flame


You were on level 7 of the Dungeon.
You worshipped Ignis.
Ignis was extremely pleased with you.
You visited 2 branches of the dungeon, and saw 8 of its levels.

You collected 271 gold pieces.

Inventory:

Hand Weapons
 a - a +0 falchion of flaming (weapon)
 e - a +0 hunting sling
 r - a +0 dagger
Missiles
 d - 361 stones
 f - a throwing net
 i - 9 poisoned darts (quivered)
 j - a curare-tipped dart
 p - 41 sling bullets
 t - 3 datura-tipped darts
 u - 47 bolts
 F - a boomerang
 G - 4 javelins
Armour
 b - a +0 cloak (worn)
 c - +0 steam dragon scales
 B - the +1 leather armour of the Wasteland (worn) {Slay+2}
   (You found it on level 4 of the Dungeon)

   Slay:      It affects your accuracy & damage with ranged weapons and melee
   (+2).
Jewellery
 k - a ring of see invisible (left hand)
 w - an amulet of regeneration (around neck)
 H - a +6 ring of intelligence (right hand)
Wands
 h - a wand of acid (7)
 A - a wand of paralysis (8)
Scrolls
 g - a scroll of torment
 l - 2 scrolls of noise
 q - 2 scrolls of amnesia
 s - a scroll of enchant armour {unknown}
 v - a scroll of fog
 x - 2 scrolls of blinking {unknown}
 y - a scroll of identify
 C - a scroll of enchant weapon
 D - 5 scrolls of magic mapping {unknown}
 I - a scroll of teleportation {unknown}
 J - a scroll of acquirement {unknown}
Potions
 m - 2 potions of haste {unknown}
 n - 3 potions of attraction {unknown}
 o - a potion of ambrosia {unknown}
 z - a potion of curing {unknown}
 E - a potion of flight {unknown}


   Skills:
 + Level 8.7 Fighting
 + Level 14.7 Long Blades
 - Level 1.0 Spellcasting
 - Level 2.1 Fire Magic


You had 10 spell levels left.
You didn't know any spells.
Your spell library contained the following spells:

 Spells                   Type           Power      Damage    Failure   Level
 Scorch                   Fire           16%        2d5       16%         2
 Animate Skeleton         Necr           0%         N/A       24%         1
 Apportation              Tloc           0%         N/A       24%         1
 Shock                    Conj/Air       0%         1d3       24%         1
 Summon Small Mammal      Summ           0%         N/A       24%         1
 Blink                    Tloc           0%         N/A       36%         2
 Swiftness                Air            0%         N/A       58%         3
 Airstrike                Air            0%         N/A       94%         4
 Olgreb's Toxic Radiance  Pois           0%         N/A       94%         4
 Manifold Assault         Tloc           0%         N/A       100%        5
 Ozocubu's Refrigeration  Ice            0%         4d5       100%        7
 Storm Form               Tmut/Air       0%         N/A       100%        7
 Ignition                 Fire           4%         3d4       100%        8


Dungeon Overview and Level Annotations

Branches:
Dungeon (7/15)             Temple (1/1) D:7

Altars:
Cheibriados
Dithmenos
Elyvilon
Fedhas
Gozag
Hepliaklqana
Kikubaaqudgha
Makhleb
Nemelex Xobeh
Okawaru
Qazlal
Ru
Sif Muna
Trog
Uskayaw
Vehumet
Wu Jian
Xom
Yredelemnul
Zin
The Shining One

Annotations:
D:4 3 runed translucent doors, Adrian566's ghost, novice DsFi


Innate Abilities, Weirdness & Mutations

You have a pair of horns on your head.
You reflexively headbutt those who attack you in melee.


Message History

You hit the wight. You burn the wight.
The wight is almost destroyed.
The wight hits you with a +1 short sword.
You feel drained.
The wight hits you from afar with a +5 halberd!
You feel drained.
You hit the wight but do no damage.
The wight is almost destroyed.
You barely miss the wight.
The wight is almost destroyed.
The wight barely misses you.
The wight hits you from afar with a +5 halberd!
You feel drained.
You closely miss the wight.
The wight is almost destroyed.
You closely miss the wight.
The wight is almost destroyed.
The wight barely misses you.
The wight hits you from afar with a +5 halberd!
You feel drained.
You barely miss the wight. Your headbutt misses the wight.
The wight is almost destroyed.
The wight misses you. The wight barely misses you.
You slash the wight! You burn the wight.
You destroy the wight!
The wight hits you with a +5 halberd!
* * * LOW HITPOINT WARNING * * *
You feel drained.
* * * LOW HITPOINT WARNING * * *
Things that are here:
a +1 short sword; a +0 robe You barely miss the wight.
The wight barely misses you.
You barely miss the wight. You headbutt the wight.
The wight is moderately damaged.
You hit the wight but do no damage.
The wight is moderately damaged.
The wight hits you with a +5 halberd!
* * * LOW HITPOINT WARNING * * *
You feel drained.
You die...

##.............
######...#.... #........
#...#.... #...#....
#...#.... . #...##...
....################..[..
......zz@............####
....################## .


You could see 2 wights.

Vanquished Creatures
  A troll (D:7)
  5 yaks
  4 steam dragons
  A water moccasin (D:6)
  An orc warrior (Temple)
  An ice beast (D:7)
  A sky beast (D:4)
  A black bear (D:4)
  2 necrophages (D:6)
  A kobold brigand (D:6)
  A bullfrog (D:6)
  A gnoll sergeant (D:4)
  Blork the orc (D:6)
  A water moccasin zombie (D:5)
  A scorpion (D:6)
  6 killer bees
  2 water moccasin skeletons
  A wight (D:7)
  A jelly (D:5)
  An orc priest (D:7)
  A gnoll shaman (D:6)
  An orc wizard (D:7)
  3 iguanas
  2 scorpion zombies (D:5)
  A killer bee zombie (D:6)
  4 hound skeletons
  A hound zombie (D:5)
  Robin (D:4)
  5 gnolls
  5 adders
  2 worms
  4 dart slugs
  14 orcs
  4 ball pythons
  9 endoplasms
  10 hobgoblins
  5 quokkas
  8 bats
  2 frilled lizards
  10 goblins
  17 kobolds
  5 rats (D:1)
148 creatures vanquished.

Vanquished Creatures (others)
  14 foxfires (D:6)
  4 fungi (D:4)
18 creatures vanquished.

Grand Total: 166 creatures vanquished

Notes
Turn   | Place    | Note
-------+----------+-------------------------------------------
     0 | D:1      | bearlyready the Minotaur Cinder Acolyte began the quest for
                  | the Orb.
     0 | D:1      | Reached XP level 1. HP: 19/19 MP: 1/1
   185 | D:1      | Reached skill level 4 in Long Blades
   329 | D:1      | Reached XP level 2. HP: 26/26 MP: 2/2
   636 | D:1      | Reached skill level 5 in Long Blades
   941 | D:2      | Reached XP level 3. HP: 31/31 MP: 3/3
  1306 | D:2      | Found a faded altar of an unknown god.
  2079 | D:3      | Found a radiant altar of Vehumet.
  2356 | D:3      | Identified the +6 dagger "Tampuihe" {vorpal, *Rage Int+7
                  | SInv}
  2864 | D:4      | Reached skill level 6 in Long Blades
  2864 | D:4      | Reached XP level 4. HP: 39/39 MP: 4/4
  2868 | D:4      | Found a glowing golden altar of the Shining One.
  2965 | D:4      | Noticed Robin
  2999 | D:4      | Killed Robin
  3200 | D:4      | Noticed a black bear
  3211 | D:4      | Killed a black bear
  3212 | D:4      | Reached skill level 7 in Long Blades
  3212 | D:4      | Reached XP level 5. HP: 29/45 MP: 5/5
  3416 | D:4      | Found a sparkling altar of Nemelex Xobeh.
  3426 | D:4      | Found a stormy altar of Qazlal.
  3523 | D:4      | Found a runed translucent gate.
  3523 | D:4      | Found a runed translucent gate.
  3523 | D:4      | Found a runed translucent gate.
  3526 | D:4      | Noticed Adrian566's ghost (novice DsFi)
  3933 | D:4      | Noticed a sky beast
  3942 | D:4      | Killed a sky beast
  3943 | D:4      | Reached skill level 8 in Long Blades
  3943 | D:4      | Reached XP level 6. HP: 46/51 MP: 6/6
  3953 | D:4      | Identified the +1 leather armour of the Wasteland {Slay+2}
  4099 | D:5      | Entered Level 5 of the Dungeon
  4226 | D:5      | Reached skill level 9 in Long Blades
  4674 | D:4      | Reached XP level 7. HP: 24/57 MP: 7/7
  4885 | D:5      | Reached skill level 10 in Long Blades
  5577 | D:6      | Reached skill level 11 in Long Blades
  5864 | D:6      | Found a hazy altar of Hepliaklqana.
  5871 | D:6      | Noticed Blork the orc
  5878 | D:6      | Killed Blork the orc
  5879 | D:6      | Reached XP level 8. HP: 52/64 MP: 8/8
  5975 | D:6      | Reached skill level 12 in Long Blades
  6460 | D:6      | Reached skill level 13 in Long Blades
  6522 | D:7      | Reached skill level 5 in Fighting
  6573 | D:7      | Reached XP level 9. HP: 69/75 MP: 9/9
  6695 | D:6      | Reached skill level 14 in Long Blades
  6834 | D:7      | Found a staircase to the Ecumenical Temple.
  6881 | D:7      | Noticed a troll
  6903 | D:7      | Killed a troll
  6960 | Temple   | Entered the Ecumenical Temple
  7229 | D:7      | HP: 3/73 [wight (12)]
  7229 | D:7      | Slain by a wight

Illustrated notes

Levels and vault maps discovered:
D:1:      dpeg_arrival_simpleton_a, layout_loops_ring, serial_bayou_pond_d,
          minmay_octomino_j4
D:2:      layout_basic, shapermc_ecumenical_altar_ellora
D:3:      layout_basic, general_overflow_altar
D:4:      layout_loops_cross, mainiacjoe_overflow_catwalk_spiral,
          mainiacjoe_overflow_surrounded_room, gammafunk_ghost_nasty_kobolds,
          corexii_item_surrounded_by_moat, minmay_circle_x, uniq_robin
D:5:      layout_loops_corners, st_stairs_1
D:6:      layout_loops_cross, mainiacjoe_overflow_concentric_impassable,
          uniq_blork_the_orc
D:7:      cheibrodos_steamvent, layout_rooms,
          minmay_temple_entry_statues_fountains
Temple:   regret_index_temple_sphere_string

Skill      XL: |  1  2  3  4  5  6  7  8  9 |
---------------+----------------------------+-----
Long Blades    | 4 5 6 7 8 9 11 13 14 | 14.7
Fighting       | 6 8 |  8.7
Spellcasting   | |  1.0
Fire Magic     | |  2.1

Action                   |  1- 3 |  4- 6 |  7- 9 || total
-------------------------+-------+-------+-------++-------
Melee: Falchion          |   131 |   119 |   220 ||   470
       Headbutt          |    10 |    14 |    44 ||    68
Throw: Dart              |       |     4 |     1 ||     5
Invok: Foxfire Swarm     |       |       |     1 ||     1
Evoke: Wand              |       |       |     5 ||     5
  Use: Scroll            |       |     5 |       ||     5
       Potion            |       |     1 |     1 ||     2
 Stab: Distracted        |       |     1 |       ||     1
Armor: Chain mail        |    20 |       |       ||    20
       Ring mail         |    40 |    29 |       ||    69
       Leather armour    |       |     3 |    34 ||    37
Dodge: Dodged            |    75 |    59 |   118 ||   252

Table legend: (Time is in decaauts)
 A = Elapsed time spent in this place.
 B = Non-inter-level travel time spent in this place.
 C = Inter-level travel time spent in this place.
 D = Time resting spent in this place.
 E = Time spent auto-exploring this place.
 F = Levels seen in this place.
 G = Mean time per level.
                   A        B        C        D        E       F      G
               +--------+--------+--------+--------+--------+-----+--------+
         Total |   7183 |   6910 |    273 |    406 |   5325 |   8 |  897.9 |
       Dungeon |   7014 |   6748 |    266 |    406 |   5188 |   7 | 1002.0 |
        Temple |    168 |    161 |      7 |      0 |    137 |   1 |  168.0 |
               +--------+--------+--------+--------+--------+-----+--------+

Top non-repeatable levels by time:
     D:4: 1468 daAuts
     D:6: 1157 daAuts
     D:5: 1150 daAuts
     D:2: 972 daAuts
     D:3: 943 daAuts
     D:1: 927 daAuts
     D:7: 394 daAuts
  Temple: 168 daAuts
